 Dungeon Crawl Stone Soup version 0.29-a0-876-gfc89b1a5bd (webtiles) character file.

Game seed: 9522584941430220847

5716 kae the Transmogrifier (level 10, -10/100 HPs)
             Began as a Red Draconian Transmuter on July 19, 2022.
             Was an Initiate of Ru.
             Mangled by a brown ugly thing (13 damage)
             ... on level 10 of the Dungeon.
             The game lasted 00:09:54 (10534 turns).

kae the Transmogrifier (Red Draconian Transmuter)  Turns: 10534, Time: 00:09:54

Health: -10/100    AC:  0    Str: 14    XL:     10   Next: 48%
Magic:  19/19      EV: 10    Int: 15    God:    Ru [......]
Gold:   645        SH:  0    Dex: 13    Spells: 11/21 levels left

rFire   x . .      SeeInvis .     - Unarmed
rCold   + + +      Faith    .   (shield currently unavailable)
rNeg    . . .      Spirit   .   (body armour unavailable)
rPois   +          Reflect  .   (helmet currently unavailable)
rElec   .          Harm     .   (cloak currently unavailable)
rCorr   .          Rampage  .   (gloves currently unavailable)
Will    .....                   (boots currently unavailable)
Stlth   +.........              j - amulet of magic regeneration
HPRegen 0.26/turn               O - +4 ring of protection
MPRegen 0.56/turn               L - ring of flight

@: ice-form, corroded, flying
A: freezing attack, amphibious, boosted hp, (breathe fire), AC +7, large,
unfitting armour, (fire resistance 1), (cold-blooded)
a: End Transformation, Renounce Religion, Sacrifice Words, Sacrifice Health,
Sacrifice Artifice, Reject Sacrifices


You were on level 10 of the Dungeon.
You worshipped Ru.
Ru was noncommittal.
You were a creature of crystalline ice.
You visited 2 branches of the dungeon, and saw 11 of its levels.

You collected 645 gold pieces.


Innate Abilities, Weirdness & Mutations

You are a creature of crystalline ice.
You have a powerful freezing melee attack.
You are amphibious.
Your maximum health is increased.
Your armour is entirely melded.
You are incapable of wielding weapons or throwing items.
((You can breathe blasts of fire.))
((Your fiery red scales are hard. (AC +7)))
You cannot fit into any form of body armour.
((Your flesh is heat resistant. (rF+)))
((You are cold-blooded and may be slowed by cold attacks.))


   Skills:
 + Level 6.7 Fighting
 - Level 1.7 Dodging
 + Level 6.8 Unarmed Combat
 + Level 6.0 Spellcasting
 * Level 8.9 Transmutations
 - Level 5.7 Ice Magic
 - Level 3.2 Poison Magic


You had 11 spell levels left.
You knew the following spells:

 Your Spells              Type           Power      Damage    Failure   Level
a - Beastly Appendage     Tmut           62%        N/A       1%          1
b - Wereblood             Tmut           31%        N/A       1%          2
c - Spider Form           Tmut/Pois      22%        N/A       3%          3
d - Ice Form              Ice/Tmut       26%        N/A       8%          4

Your spell library contained the following spells:

 Spells                   Type           Power      Damage    Failure   Level
 Sting                    Tmut/Pois      88%        1d7       1%          1
 Poisonous Vapours        Pois/Air       18%        N/A       12%         2
 Necrotise                Necr           16%        1d4       14%         1
 Sublimation of Blood     Necr           4%         N/A       22%         2
 Olgreb's Toxic Radiance  Pois           14%        N/A       36%         4
 Gell's Gravitas          Tloc           4%         N/A       41%         3
 Stone Arrow              Conj/Erth      8%         3d7       41%         3
 Teleport Other           Tloc           4%         N/A       41%         3
 Vampiric Draining        Necr           4%         2d6       41%         3
 Agony                    Necr           4%         N/A       99%         5
 Dispersal                Tloc           2%         N/A       100%        6
 Summon Hydra             Summ           2%         N/A       100%        7
 Lehudib's Crystal Spear  Conj/Erth      2%         10d2      100%        8
 Animate Armour           Summ/Erth      Unusable   N/A       N/A         4

Inventory:

Hand Weapons
 r - a +6 vorpal dagger (melded)
   (You took it off a goblin on level 2 of the Dungeon)
Missiles
 b - 30 poisoned darts
 h - 8 boomerangs
 p - 77 stones
 x - a curare-tipped dart {=f}
Armour
 d - a +0 pair of gloves (melded)
   (You found it on level 1 of the Dungeon)
 f - the +1 buckler "Fyqiv" (melded) {rF++ Str+4}
   (You found it on level 3 of the Dungeon)

   Str:       It affects your strength (+4).
   rF:        It greatly protects you from fire.
 i - a +2 cloak (melded)
   (You found it on level 3 of the Dungeon)
 m - a +0 pair of boots (melded)
   (You found it on level 2 of the Dungeon)
 D - a +2 pair of gloves
   (You found it on level 10 of the Dungeon)
Magical Staves
 y - a staff of fire {!a}
   (You found it on level 7 of the Dungeon)
Jewellery
 j - an amulet of magic regeneration (around neck)
   (You found it on level 2 of the Dungeon)
 F - a ring of fire
   (You found it on level 3 of the Dungeon)
 L - a ring of flight (right front paw)
   (You found it on level 3 of the Dungeon)
 O - a +4 ring of protection (left front paw)
   (You found it on level 3 of the Dungeon)
Wands
 e - a wand of mindburst (24)
   (You found it on level 3 of the Dungeon)
 t - a wand of flame (4)
   (You found it on level 5 of the Dungeon)
 w - a wand of light (4)
   (You found it on level 8 of the Dungeon)
 A - a wand of digging (3)
   (You found it on level 8 of the Dungeon)
Scrolls
 v - 3 scrolls of teleportation {@r4}
 z - 2 scrolls of identify {@r1}
 C - a scroll of vulnerability {!r!r}
Potions
 a - 6 potions of lignification {!q}
 c - 4 potions of heal wounds {@q2}
 g - 7 potions of curing {unknown}
 k - a potion of berserk rage {unknown}
 l - a potion of brilliance
 n - 3 potions of mutation {unknown}
 o - 2 potions of haste {@q3}
 q - a potion of flight
 s - a potion of degeneration {!q}
 u - a potion of ambrosia
 B - a potion of might

Dungeon Overview and Level Annotations

Branches:
Dungeon (9/15) Zot: 26463  Temple (1/1) D:6 Zot: 5948    Lair (0/5) D:10
    Orc (0/2) D:9

Altars:
Ashenzari
Cheibriados
Dithmenos
Elyvilon
Fedhas
Gozag
Hepliaklqana
Kikubaaqudgha
Makhleb
Nemelex Xobeh
Okawaru
Qazlal
Ru
Sif Muna
Trog
Uskayaw
Vehumet
Wu Jian
Xom
Yredelemnul
Zin
The Shining One

Shops:
D:1 (   D:4 =   D:7 [

Annotations:
D:6 1 runed translucent door, Crazy Yiuf
D:7 5 runed translucent doors
D:9 Grum

#.....# #.......#
##+##.#####.......#
#................#
#...#............####
#...#................
#...#.....###'###...
######.....#.....+
#.....######.....#
#....Y# #..##.#
#.....u...##..##.#####
#.....#....#..........
#.....#...##..[.......
#.....###########..##.
#######...##..###..##.
#.............+..
#.............##.
##...##...##..##.


You could see a brown ugly thing.


Message History

๐Ÿ˜• HP[+1]
Your primal bloodlust is almost over.
You howl as the wereblood boils in your veins!
Your primal bloodlust has ended.
Your transformation is almost over.
You warm up again.
Your +6 vorpal dagger unmelds from your body.
Your +2 cloak unmelds from your body.
Your +0 pair of gloves unmelds from your body.
Your +0 pair of boots unmelds from your body.
The +1 buckler "Fyqiv" {rF++ Str+4} unmelds from your body.
You reach down and open the door.
There is an open door here.
As you open the door, it creaks loudly! ๐Ÿ˜Ž HP[+1]
You now have 84 max hp (-16).
Your hp is fully restored (84).
There is an open door here.
You now have 638 gold pieces (gained 22).
You now have 645 gold pieces (gained 7).
You reach down and open the door.
There is an open door here.
You reach down and open the door.
There is an open door here.
You reach down and open the door.
There is an open door here.
Key pressed, stopping explore.
Unknown command.
You pick up a book of Necromancy and begin reading...
You add the spells Necrotise, Vampiric Draining and Agony to your library.
a - 6 potions of lignification {!q} (gained 1)
You reach down and open the door.
There is an open door here.
D - a +2 pair of gloves You reach down and open the door.
A troll comes into view.
The troll shouts!
You hear a horrible gurgling sound!
A troll is nearby!
A troll is nearby!
A troll is nearby!
Casting: Wereblood (safe; 1% risk of failure)
Confirm with . or Enter, or press ? or * to list all spells.
You turn into a creature of crystalline ice.
Your +6 vorpal dagger melds into your body.
Your +2 cloak melds into your body.
Your +0 pair of gloves melds into your body.
Your +0 pair of boots melds into your body.
The +1 buckler "Fyqiv" {rF++ Str+4} melds into your body.
A brown ugly thing comes into view.
The troll bites you but does no damage. The troll closely misses you. x2
The troll bites you but does no damage. The troll claws you but does no damage.
The troll claws you. ๐Ÿ˜• HP[+13] MP[-3]
You now have 100 max hp (+16).
You regained 13 hp, and now have 97/100 hp.
You lost 3 mp, and now have 15/18 mp.
Unknown command.
You punch the troll! You freeze the troll. You pummel the troll!!
You freeze the troll.
You kill the troll!
The troll leather armour is intact enough to wear.
Your Spellcasting skill increases to level 6! ๐Ÿ˜• HP[+1] MP[+1]
You hit the brown ugly thing. You freeze the brown ugly thing.
The brown ugly thing claws you! The acid corrodes you!
You are splashed with acid! ๐Ÿ˜• HP[-21]
You take 21 damage, and now have 77/100 hp.
MASSIVE DAMAGE!! (PAUSE)
You hit the brown ugly thing. You freeze the brown ugly thing.
The brown ugly thing claws you! The acid corrodes you!
You are splashed with acid. ๐Ÿ˜ฎ HP[-14] MP[+1]
You take 14 damage, and now have 63/100 hp.
You punch the brown ugly thing! You freeze the brown ugly thing.
The brown ugly thing claws you! The acid corrodes you!
You are splashed with acid!
* * * LOW HITPOINT WARNING * * *
๐Ÿ˜จ HP[-20]
You take 20 damage, and now have 43/100 hp.
You punch the brown ugly thing! You freeze the brown ugly thing.
The brown ugly thing claws you!
* * * LOW HITPOINT WARNING * * *
You are splashed with acid!
* * * LOW HITPOINT WARNING * * *
๐Ÿ˜ฑ HP[-21] MP[+1]
You take 21 damage, and now have 22/100 hp.
MASSIVE DAMAGE!! (PAUSE)
You hit the brown ugly thing but do no damage.
The brown ugly thing claws you!
* * * LOW HITPOINT WARNING * * *
You are splashed with acid!
* * * LOW HITPOINT WARNING * * *
๐Ÿ˜ฑ HP[-19]
You take 19 damage, and now have 3/100 hp.
You hit the brown ugly thing but do no damage. ๐Ÿ˜ฑ MP[+1]
Your mp is fully restored (19).
You hit the brown ugly thing but do no damage.
The brown ugly thing claws you!
You die...

Skill      XL: |  1  2  3  4  5  6  7  8  9 10 |
---------------+-------------------------------+-----
Poison Magic   | 1 2 3 |  3.2
Fighting       | 2 3 5 6 |  6.7
Transmutations | 3 4 5 6 8 |  8.9
Spellcasting   | 3 4 5 6 |  6.0
Unarmed Combat | 4 5 6 |  6.8
Ice Magic      | 2 3 5 |  5.7
Dodging        | |  1.7

Action                   |  1- 3 |  4- 6 |  7- 9 | 10-12 || total
-------------------------+-------+-------+-------+-------++-------
Melee: Unarmed           |    99 |    22 |   245 |    97 ||   463
       Kick              |    13 |    16 |     2 |       ||    31
       Headbutt          |    14 |     8 |       |       ||    22
       Punch             |     1 |     1 |       |       ||     2
       Tailslap          |     6 |    11 |     6 |       ||    23
       Dagger            |       |    95 |    52 |       ||   147
 Cast: Beastly Appendage |    26 |    13 |     1 |       ||    40
       Wereblood         |     3 |     5 |    16 |     7 ||    31
       Spider Form       |     2 |     1 |     7 |       ||    10
       Ice Form          |       |       |    19 |     8 ||    27
  Use: Scroll            |       |    12 |     8 |       ||    20
Armor: Skin              |    40 |    42 |   152 |    67 ||   301
Dodge: Dodged            |    75 |    84 |   215 |    89 ||   463
Block: Buckler           |       |       |     2 |       ||     2

Levels and vault maps discovered:
D:1:      co_arrival_random_square_maze, layout_basic, serial_shops,
          nicolae_shop_bloodbath_and_beyond
D:2:      layout_basic, nicolae_grassy_gnolls
D:3:      layout_loops_ring, general_overflow_altar,
          shapermc_ecumenical_altar_notcrosses, minmay_stone_trees_medium
D:4:      layout_loops_ring, mainiacjoe_overflow_chevrons, serial_shops,
          shop_fountains, uniq_edmund
D:5:      layout_rooms, nicolae_overflow_squiral
D:6:      layout_basic, vehumet_crystals, mainiacjoe_overflow_cross_hatched,
          minmay_temple_entry_trees, uniq_crazy_yiuf_cottage, uniq_sigmund,
          uniq_grinder
D:7:      layout_basic, tso_altar, serial_shops, kennysheep_mini_moat,
          minmay_guarded_unrand_staff_of_olgreb
D:8:      layout_basic, mainiacjoe_overflow_alcove_4, minmay_between
D:9:      minmay_the_grid_3x3 [minmay_the_grid_outer_circle,
          minmay_the_grid_rooms, minmay_the_grid_spikes,
          minmay_the_grid_square_x, minmay_the_grid_eight,
          minmay_the_grid_armoury, minmay_the_grid_outer_diamond,
          minmay_the_grid_plusring, minmay_the_grid_prize_big_room],
          layout_irregular_city, elyvilon_altar_1, serial_shops,
          nicolae_stop_n_shop_2, uniq_prince_ribbit1, uniq_grum
D:10:     layout_gridville, erik_lair_orcish_takeover
Temple:   hellmonk_temple_divided_pantheon

Notes
Turn   | Place    | Note
-------+----------+-------------------------------------------
     0 | D:1      | kae the Draconian Transmuter began the quest for the Orb.
     0 | D:1      | Reached XP level 1. HP: 16/16 MP: 3/3
     0 | D:1      | magus.rc [v1.11.3]
   548 | D:1      | Reached XP level 2. HP: 19/23 MP: 3/5
   551 | D:1      | Learned a level 2 spell: Wereblood
   607 | D:1      | You pick up a book of Armaments and begin reading...
   607 | D:1      | You add the spells Stone Arrow and Lehudib's Crystal Spear
                  | to your library.
   759 | D:1      | Found Canogo's Weapon Shoppe.
  1116 | D:1      | Reached XP level 3. HP: 29/29 MP: 4/6
  1120 | D:1      | Learned a level 3 spell: Spider Form
  1912 | D:2      | Reached skill level 1 in Poison Magic
  2099 | D:2      | Reached skill level 2 in Fighting
  2111 | D:2      | Reached skill level 3 in Transmutations
  2124 | D:2      | Reached XP level 4. HP: 28/36 MP: 7/7
  2221 | D:2      | You pick up a book of Changes and begin reading...
  2891 | D:3      | Identified the +1 buckler "Fyqiv" {rF++ Str+4}
  3089 | D:3      | Found an opulent altar of Gozag.
  3205 | D:3      | Found a faded altar of an unknown god.
  3470 | D:4      | Noticed Edmund
  3488 | D:4      | Killed Edmund
  3489 | D:4      | Reached skill level 2 in Poison Magic
  3489 | D:4      | Reached XP level 5. HP: 37/42 MP: 7/9
  3514 | D:4      | Reached XP level 6. HP: 32/50 MP: 10/10
  3713 | D:4      | Reached skill level 3 in Spellcasting
  3713 | D:4      | Reached skill level 4 in Transmutations
  3749 | D:4      | Found Sicw's Jewellery Shop.
  3881 | D:4      | Reached skill level 3 in Fighting
  3881 | D:4      | Reached skill level 3 in Poison Magic
  3971 | D:4      | Found a snail-covered altar of Cheibriados.
  4094 | D:4      | Reached skill level 4 in Unarmed Combat
  4602 | D:5      | Entered Level 5 of the Dungeon
  4608 | D:5      | Learned a level 4 spell: Ice Form
  4630 | D:5      | Your scales start taking on a fiery red colour.
  4630 | D:5      | Reached XP level 7. HP: 57/57 MP: 11/11
  4630 | D:5      | Gained mutation: Your flesh is heat resistant. (rF+) [Red
                  | Draconian growth]
  4677 | D:5      | Reached skill level 1 in Ice Magic
  4718 | D:4      | Reached skill level 5 in Transmutations
  4988 | D:5      | Reached skill level 2 in Ice Magic
  5078 | D:5      | You add the spells Sting, Poisonous Vapours and Olgreb's
                  | Toxic Radiance to your library.
  5180 | D:5      | Found a hide-covered altar of Uskayaw.
  5182 | D:5      | Found an iron altar of Okawaru.
  5201 | D:5      | Reached XP level 8. HP: 63/66 MP: 13/13
  5247 | D:5      | Reached skill level 4 in Fighting
  5637 | D:6      | Noticed Grinder
  5650 | D:6      | Paralysed by Grinder for 5 turns
  5656 | D:6      | Killed Grinder
  5657 | D:6      | Reached skill level 4 in Spellcasting
  5713 | D:6      | Found a radiant altar of Vehumet.
  5739 | D:6      | Found a staircase to the Ecumenical Temple.
  5748 | Temple   | Entered the Ecumenical Temple
  5748 | Temple   | Found a transporter.
  5748 | Temple   | Found a transporter.
  5750 | Temple   | Found a transporter.
  5750 | Temple   | Found a transporter.
  5781 | Temple   | Became a worshipper of Ru the Awakened
  5813 | D:6      | Found a shadowy altar of Dithmenos.
  5839 | D:6      | Reached skill level 3 in Ice Magic
  5861 | D:6      | Reached skill level 5 in Unarmed Combat
  5861 | D:6      | Reached skill level 6 in Transmutations
  5864 | D:6      | Noticed Sigmund
  5870 | D:6      | Killed Sigmund
  6273 | D:6      | You pick up a book of Blood and begin reading...
  6273 | D:6      | You add the spells Sublimation of Blood and Summon Hydra to
                  | your library.
  6295 | D:6      | Found a runed translucent door.
  6296 | D:6      | Noticed Crazy Yiuf
  6576 | D:7      | Found a runed translucent gate.
  6576 | D:7      | Found a runed translucent gate.
  6579 | D:7      | Found a runed translucent gate.
  6585 | D:7      | Found a runed translucent door.
  6594 | D:7      | Found the +9 staff of Olgreb {rPoisโˆž}
  6632 | D:7      | Reached skill level 5 in Fighting
  6632 | D:7      | Reached XP level 9. HP: 60/74 MP: 15/15
  6633 | D:7      | Reached skill level 4 in Ice Magic
  6798 | D:7      | Found a runed translucent door.
  6858 | D:7      | Found a glowing golden altar of the Shining One.
  6880 | D:7      | Found Liuziq's Armour Emporium.
  6931 | D:7      | You add the spells Gell's Gravitas, Teleport Other and
                  | Dispersal to your library.
  6982 | D:7      | Reached skill level 7 in Transmutations
  7635 | D:8      | Reached skill level 5 in Spellcasting
  7941 | D:8      | Reached skill level 5 in Ice Magic
  8139 | D:8      | Reached skill level 6 in Unarmed Combat
  8378 | D:8      | Found a broken altar of Ashenzari.
  8924 | D:9      | Found a staircase to the Orcish Mines.
  8942 | D:9      | Found a white marble altar of Elyvilon.
  8999 | D:9      | Noticed Grum
  9027 | D:8      | Reached skill level 6 in Fighting
  9027 | D:8      | Reached skill level 8 in Transmutations
  9027 | D:8      | Reached XP level 10. HP: 49/83 MP: 18/18
  9403 | D:8      | HP: 21/99 [troll (11)]
  9992 | D:9      | You are sucked into a shaft and drop 1 floor!
  9992 | D:10     | Entered Level 10 of the Dungeon
 10027 | D:10     | Found a staircase to the Lair.
 10459 | D:10     | You pick up a book of Necromancy and begin reading...
 10459 | D:10     | You add the spells Necrotise, Vampiric Draining and Agony
                  | to your library.
 10524 | D:10     | Noticed a brown ugly thing
 10528 | D:10     | Reached skill level 6 in Spellcasting
 10531 | D:10     | HP: 22/100 [acid (8)]
 10532 | D:10     | HP: 3/100 [acid (8)]
 10534 | D:10     | Mangled by a brown ugly thing

Vanquished Creatures
  2 trolls
  Grinder (D:6)
  Sigmund (D:6)
  3 steam dragons
  Edmund (D:4)
  3 wargs (D:10)
  3 water moccasins
  An orc warrior (D:9)
  A sky beast (D:8)
  4 black bears
  2 ice beasts
  A wolf (D:8)
  2 centaurs
  2 kobold brigands
  A gnoll sergeant (D:9)
  3 scorpions (D:5)
  4 bullfrogs
  A necrophage (D:5)
  10 wights (D:8)
  14 killer bees
  3 howler monkeys (D:7)
  8 orc priests
  6 hounds
  An iguana (D:4)
  9 orc wizards
  6 gnolls
  4 adders
  A shadow imp (D:8)
  A white imp (D:8)
  An ufetubus (D:5)
  A worm (D:2)
  2 dart slugs (D:1)
  18 orcs
  8 ball pythons
  7 endoplasms
  A giant cockroach (D:4)
  9 goblins
  5 hobgoblins
  6 jackals
  15 kobolds
  3 quokkas
  6 bats
  2 frilled lizards
  4 rats (D:1)
187 creatures vanquished.

Vanquished Creatures (others)
  3 fungi (D:4)
  11 plants (D:2)
14 creatures vanquished.

Grand Total: 201 creatures vanquished

Table legend:
 A = Non-vault XP
 B = Vault XP
 C = Vault XP percentage of total XP
 D = Non-vault monster count
 E = Vault monster count
 F = Vault count percentage of total count
                 A         B        C        D         E       F
            +---------+---------+-------+---------+---------+-------
      Total |    5694 |    2473 |  30.3 |     163 |      24 |  12.8
            +---------+---------+-------+---------+---------+-------
        D:1 |      50 |       0 |   0.0 |      27 |       0 |   0.0
        D:2 |      33 |      29 |  46.8 |      17 |       2 |  10.5
        D:3 |      31 |       0 |   0.0 |      10 |       0 |   0.0
        D:4 |     567 |     166 |  22.6 |      20 |       1 |   4.8
        D:5 |     772 |       0 |   0.0 |      18 |       0 |   0.0
        D:6 |     423 |     517 |  55.0 |       5 |       2 |  28.6
        D:7 |    1292 |       0 |   0.0 |      21 |       0 |   0.0
        D:8 |    1166 |     861 |  42.5 |      26 |       7 |  21.2
        D:9 |     653 |     275 |  29.6 |      12 |       4 |  25.0
       D:10 |     707 |     625 |  46.9 |       7 |       8 |  53.3
            +---------+---------+-------+---------+---------+-------

Illustrated notes

Table legend:
 A = Kills in this place as a percentage of kills in entire the game.
 B = Kills by you in this place as a percentage of kills by you in the entire game.
 C = Kills by friends in this place as a percentage of kills by friends in the entire game.
 D = Other kills in this place as a percentage of other kills in the entire game.
 E = Experience gained in this place as a percentage of experience gained in the entire game.
 F = Experience gained in this place divided by the number of levels of this place that you have seen.
                   A       B       C       D       E      F
               +-------+-------+-------+-------+-------+----------------------
         Total | 100.0 | 100.0 |   N/A |   N/A | 100.0 | 742.5
       Dungeon | 100.0 | 100.0 |   N/A |   N/A | 100.0 | 816.7
               +-------+-------+-------+-------+-------+----------------------

Table legend: (Time is in decaauts)
 A = Elapsed time spent in this place.
 B = Non-inter-level travel time spent in this place.
 C = Inter-level travel time spent in this place.
 D = Time resting spent in this place.
 E = Time spent auto-exploring this place.
 F = Levels seen in this place.
 G = Mean time per level.
                   A        B        C        D        E       F      G
               +--------+--------+--------+--------+--------+-----+--------+
         Total |  10496 |  10184 |    312 |   1104 |   7465 |  11 |  954.2 |
       Dungeon |  10445 |  10151 |    294 |   1104 |   7459 |  10 | 1044.5 |
        Temple |     51 |     34 |     17 |      0 |      6 |   1 |   51.0 |
               +--------+--------+--------+--------+--------+-----+--------+

Top non-repeatable levels by time:
     D:8: 2238 daAuts
     D:1: 1567 daAuts
     D:4: 1171 daAuts
     D:2: 1014 daAuts
     D:3: 1014 daAuts
     D:6: 857 daAuts
     D:5: 828 daAuts
     D:7: 804 daAuts
    D:10: 535 daAuts
     D:9: 412 daAuts
  Temple: 51 daAuts
